Map: Ever Dream LE

Players

PtitDrogo

  • Race: Protoss Protoss
  • Spawn Location: 1:00

HeroMarine - Winner!

  • Race: Terran Terran
  • League: Master
  • Spawn Location: 7:00

Event: DreamHack SC2 Masters 2020 Fall

VOD

Have the link to the VOD?

Description

Time

  • Played on: Sept. 8, 2020, 3:14 p.m.
  • Length: 8:03

All games in this series

Show
View Real Time Build Order
Export as new Build Order

PtitDrogo Protoss 

Build Orders: 1 Gate Expand, Zealot Archon, Archon Drop, Dark Templar Rush 

Get SALT Encoding   

  12  0:00  Probe  
  13  0:12  Probe  
  14  0:17  Pylon  
  14  0:24  Probe (Chrono Boost)  
  15  0:35  Gateway  
  15  0:37  Probe (Chrono Boost)  
  16  0:45  Probe (Chrono Boost)  
  16  0:46  Assimilator  
  17  0:51  Probe  
  18  1:03  Probe  
  19  1:15  Probe  
  20  1:22  Cybernetics Core  
  20  1:30  Nexus  
  20  1:37  Pylon  
  20  1:40  Probe  
  20  1:46  Assimilator  
  21  1:52  Probe  
  22  1:55  Adept (Chrono Boost)  
  24  2:02  Shield Battery  
  24  2:05  Probe  
  25  2:08  Warp Gate  
  25  2:16  Stalker (Chrono Boost)  
  25  2:17  Probe  
  28  2:29  Probe  
  29  2:38  Twilight Council  
  29  2:42  Probe (Chrono Boost)  
  31  2:46  Probe (Chrono Boost)  
  31  2:47  Pylon  
  31  2:53  Probe (Chrono Boost)  
  31  2:55  Probe (Chrono Boost)  
  33  2:59  Probe  
  33  3:03  Robotics Facility  
  33  3:05  Probe  
  35  3:12  Probe  
  36  3:19  Dark Shrine  
  36  3:20  Probe  
  36  3:24  Probe  
  36  3:29  Shield Battery  
  36  3:32  Gateway, Probe  
  37  3:38  Gateway  
  37  3:42  Probe  
  37  3:44  Probe  
  39  3:50  Warp Prism (Chrono Boost)  
  39  3:54  Probe  
  42  3:58  Stalker  
  42  4:01  Blink (Chrono Boost), Probe  
  45  4:06  Probe  
  45  4:09  Assimilator  
  46  4:12  Assimilator  
  46  4:13  Probe  
  47  4:18  Probe  
  47  4:20  Pylon  
  48  4:24  Pylon  
  48  4:26  Probe  
  48  4:30  Probe  
  50  4:35  Dark Templar  
  50  4:38  Probe  
  53  4:39  Dark Templar  
  53  4:45  Probe  
  56  4:50  Probe  
  56  5:08  Probe  
  56  5:11  Probe  
  58  5:17  Robotics Bay  
  56  5:22  Dark Templar x2  
  56  5:23  Nexus  
  56  5:24  Pylon  
  56  5:25  Probe x2  
  56  5:26  Archon  
  56  5:27  Dark Templar  
  64  5:34  Archon  
  64  5:35  Forge  
  64  5:37  Pylon, Probe x2  
  66  5:45  Charge (Chrono Boost)  
  66  5:49  Probe x2  
  68  6:01  Gateway x2, Probe x2  
  68  6:02  Sentry  
  72  6:04  Gateway, Colossus (Chrono Boost)  
  78  6:19  Probe x2  
  80  6:31  Probe  
  81  6:35  Zealot x3  
  81  6:39  Probe x2  
  89  6:42  Colossus (Chrono Boost)  
  89  6:43  Probe  
  89  6:45  Pylon  
  89  6:46  Phoenix  
  96  6:50  Shield Battery  
  96  6:51  Pylon, Probe  
  97  7:00  Pylon  
  97  7:01  Sentry  
  97  7:02  Zealot  
  97  7:03  Stalker x2  
  97  7:07  Pylon  
  105  7:09  Photon Cannon  
  105  7:14  Probe  
  106  7:15  Assimilator  
  106  7:16  Assimilator  
  106  7:17  Pylon  
  106  7:18  Zealot  
  108  7:27  Gateway  
  108  7:28  Gateway  
  106  7:33  Zealot x4  
  113  7:39  Zealot x2  
Show
View Real Time Build Order
Export as new Build Order

HeroMarine Terran - Winner!

Build Orders: Reaper Expand 

Get SALT Encoding   

  12  0:00  SCV  
  13  0:12  SCV  
  14  0:16  Supply Depot  
  14  0:24  SCV  
  15  0:38  SCV  
  15  0:39  Barracks  
  16  0:43  Refinery  
  16  0:50  SCV  
  17  1:02  SCV  
  18  1:14  SCV  
  19  1:26  Reaper  
  19  1:27  Orbital Command  
  20  1:45  Command Center  
  20  1:49  Supply Depot  
  20  1:52  SCV  
  21  1:58  Marine  
  22  2:04  SCV  
  23  2:08  Factory  
  23  2:16  Bunker, SCV  
  23  2:20  Barracks Reactor  
  24  2:28  SCV  
  25  2:31  Refinery  
  25  2:41  SCV  
  26  2:52  Hellion  
  26  2:53  SCV  
  26  2:57  Orbital Command  
  29  2:58  Starport  
  29  3:00  Marine  
  29  3:01  Marine  
  31  3:05  SCV  
  32  3:14  Factory Tech Lab  
  32  3:17  SCV, Marine  
  32  3:19  Marine  
  34  3:24  SCV  
  35  3:30  SCV  
  36  3:35  Marine  
  36  3:36  SCV  
  36  3:37  Marine  
  36  3:40  Supply Depot  
  36  3:41  Factory Tech Lab  
  39  3:42  SCV  
  39  3:45  Raven  
  39  3:48  SCV  
  43  3:50  Barracks  
  43  3:53  Marine  
  43  3:54  SCV  
  45  3:57  Marine  
  45  4:02  SCV  
  47  4:03  Supply Depot  
  47  4:06  Siege Tank  
  47  4:07  SCV  
  51  4:11  Marine  
  51  4:12  Barracks  
  51  4:14  SCV  
  53  4:21  SCV  
  54  4:25  Supply Depot  
  54  4:26  SCV  
  55  4:31  Engineering Bay, Marine x2  
  55  4:33  SCV  
  55  4:34  Viking  
  60  4:41  SCV  
  60  4:45  SCV  
  62  4:47  Refinery, Marine  
  62  4:48  Factory Tech Lab  
  62  4:49  Marine  
  62  4:51  Stimpack  
  63  4:53  SCV  
  63  4:57  SCV  
  63  4:59  Missile Turret  
  65  5:05  SCV  
  66  5:09  Terran Infantry Weapons Level 1  
  66  5:12  SCV  
  66  5:17  SCV  
  66  5:18  Marine  
  66  5:19  Marine  
  69  5:24  SCV  
  69  5:26  Refinery, Supply Depot  
  70  5:30  Starport Reactor  
  70  5:34  Siege Tank, SCV, Marine x2  
  76  5:39  SCV  
  76  5:41  Marine  
  78  5:42  Supply Depot  
  78  5:47  Combat Shield, Marine  
  78  5:48  SCV  
  80  5:51  Supply Depot  
  80  5:53  SCV, Marauder  
  83  5:57  Marauder  
  83  6:00  SCV  
  83  6:04  Marine  
  86  6:05  Marine  
  86  6:10  Siege Tank, Supply Depot  
  91  6:14  Marauder  
  93  6:21  Marine  
  93  6:23  Medivac, Marauder, Marine  
  97  6:29  Medivac  
  99  6:34  Concussive Shells  
  99  6:37  Command Center, Marauder  
  101  6:42  Marine x2  
  101  6:44  Marauder  
  105  6:48  SCV x2  
  105  6:52  Supply Depot x2  
  105  6:53  Medivac  
  109  6:58  Marine  
  110  7:06  Barracks  
  110  7:08  Barracks  
  110  7:13  Marauder, Marine x2  
  114  7:15  Marine  
  115  7:23  SCV x2  
  115  7:25  Siege Tank  
  120  7:31  Marine x2  
  120  7:34  Marauder  
  120  7:36  Marauder  
  126  7:45  Supply Depot  
  126  7:46  Supply Depot  
  126  7:47  SCV x2  

Tags
 
Add a new tag
Caveats
  • Supply blocks, unpowered buildings, or Contaminate may cause inaccurate times.
  • Supply counts are checked every 10 seconds.